 Dungeon Sprint DCSS version 0.16.2-12-gd0ad4c3 (console) character file.

144 Dingbat the Fighter (level 5, -4/51 HPs)
             Began as a Felid Berserker on Apr 7, 2016.
             Was a Priest of Trog.
             Slain by a frost giant
             ... wielding a +2 battleaxe of electrocution
              (14 damage)
             ... in the Dungeon (Sprint VII: "The Pits").
             The game lasted 00:02:06 (824 turns).

Dingbat the Fighter (Felid Berserker)                Turns: 824, Time: 00:02:07

Health: -4/51      AC:  2    Str: 19    XL:     5   Next: 5%
Magic:  8/8        EV: 20    Int: 10    God:    Trog [***...]
Gold:   0          SH:  0    Dex: 15    Spells: 0 memorised, 4 levels left
                                        Lives:  0   Deaths: 1

rFire  . . .     SeeInvis +       - Unarmed
rCold  . . .     Clarity  .     (armour unavailable)
rNeg   . . .     SustAb   .     (shield unavailable)
rPois  .         Gourm    .     (helmet unavailable)
rElec  .         Spirit   .     (cloak unavailable)
rCorr  .         Warding  .     (gloves unavailable)
rMut   .         NoTele   +     (boots unavailable)
MR     ++...                    (no amulet)
Stlth  ..........               (no ring)
                                (no ring)

@: berserking, regenerating, very quick, very resistant to hostile enchantments,
extremely unstealthy
A: paw claws, no armour, no weapons or thrown items, fangs 3, see invisible,
carnivore 3, speed 1, shaggy fur 2, slow metabolism 1, sharp paws
a: Burn Spellbooks, Berserk, Trog's Hand, Renounce Religion


You were in the Dungeon.
You worshipped Trog.
Trog was most pleased with you.
You were not hungry.

You visited 1 branch

Inventory:

Scrolls
 b - 3 scrolls of remove curse
 i - a scroll of blinking
 j - a scroll of summoning
Potions
 a - 2 potions of invisibility
 d - 6 potions of curing
 e - 5 potions of heal wounds
 f - a potion of haste
 g - 4 potions of magic
 h - 3 potions of berserk rage
Comestibles
 c - 8 meat rations


   Skills:
 - Level 12.0 Fighting
 + Level 5.7 Dodging
 + Level 4.2 Unarmed Combat


You had 4 spell levels left.
You didn't know any spells.

Dungeon Overview and Level Annotations

Branches:
Dungeon (1/1)

Altars:
Ashenzari
Cheibriados
Dithmenos
Elyvilon
Fedhas
Gozag
Kikubaaqudgha
Makhleb
Nemelex Xobeh
Okawaru
Qazlal
Ru
Sif Muna
Trog
Vehumet
Xom
Yredelemnul
Zin
The Shining One
Beogh
Jiyva
Lugonu


Innate Abilities, Weirdness & Mutations

You cannot wear armour.
You are incapable of wielding weapons or throwing items.
You have razor-sharp teeth.
You have supernaturally acute eyesight.
You are carnivorous and can eat meat at any time.
You cover ground quickly.
You are covered in thick fur (AC +2).
You have a slow metabolism.
Your paws have sharp claws that are effective at stabbing.


Message History

A red film seems to cover your vision as you go berserk!
You feel yourself moving faster!
You feel mighty!
You feel somewhat more hungry.
The frost giant hits you with a +2 battleaxe of electrocution.
You are electrocuted!
You scratch the frost giant.
The frost giant begins to bleed from its wounds!
You bite the frost giant.
The frost giant is lightly wounded.
You barely miss the frost giant.
The frost giant is lightly wounded.
The frost giant points at you and mumbles some strange words.
The bolt of cold misses you.
You scratch the frost giant. You bite the frost giant.
The frost giant is moderately wounded.
The frost giant hits you with a +2 battleaxe of electrocution!!
Ouch! That really hurt!
* * * LOW HITPOINT WARNING * * *
You are electrocuted!
You die...

#_#)))#.#?(##......#..
#######'#####.........
#...........'.........
#'#####'#####......#..
#.#...#C#[[##.........
#.#...#†#))#####'#####
#.#...C.#))##.......##
#.##C####))##.......##
#.#..@..#..##.......##
#.#.....#'###...<...##
#.#........##.......##
#.#........##.......##
###########.......##
##########


You could see a frost giant (bleeding).

Vanquished Creatures
  A blue devil (D)
  An iron imp (D)
  A mummy (D)
  An adder (D)
  An ufetubus (D)
  A giant eyeball (D)
  A giant gecko (D)
  A kobold (D)
  A bat (D)
  A goblin (D)
  A rat (D)
11 creatures vanquished.

Notes
Turn   | Place    | Note
--------------------------------------------------------------
     0 | D        | Dingbat, the Felid Berserker, began the quest for the Orb.
     0 | D        | Reached XP level 1. HP: 10/10 MP: 2/2
    20 | D        | Noticed a frost giant
    20 | D        | Noticed a black mamba
    21 | D        | Noticed an earth elemental
    33 | D        | Noticed a raven
    42 | D        | Noticed a blue devil
    74 | D        | Killed a blue devil
    74 | D        | Reached skill level 11 in Fighting
    74 | D        | Reached XP level 2. HP: 13/22 MP: 3/3
    74 | D        | Reached XP level 3. HP: 15/26 MP: 5/5
    74 | D        | Reached XP level 4. HP: 17/30 MP: 7/7
    74 | D        | Reached XP level 5. HP: 19/34 MP: 8/8
    77 | D        | Reached skill level 12 in Fighting
   242 | D        | Found a sacrificial altar of Ru.
   242 | D        | Found a basalt altar of Yredelemnul.
   242 | D        | Found a glowing golden altar of the Shining One.
   242 | D        | Found a deep blue altar of Sif Muna.
   242 | D        | Found a burning altar of Makhleb.
   242 | D        | Found an ancient bone altar of Kikubaaqudgha.
   242 | D        | Found a glowing silver altar of Zin.
   243 | D        | Found a shadowy altar of Dithmenos.
   243 | D        | Found a bloodstained altar of Trog.
   243 | D        | Found a shattered altar of Ashenzari.
   243 | D        | Found a white marble altar of Elyvilon.
   243 | D        | Found a snail-covered altar of Cheibriados.
   243 | D        | Found a blossoming altar of Fedhas.
   243 | D        | Found a radiant altar of Vehumet.
   243 | D        | Found a shimmering altar of Xom.
   243 | D        | Found a sparkling altar of Nemelex Xobeh.
   243 | D        | Found a corrupted altar of Lugonu.
   243 | D        | Found a viscous altar of Jiyva.
   243 | D        | Found a roughly hewn altar of Beogh.
   243 | D        | Found an iron altar of Okawaru.
   255 | D        | Found a stormy altar of Qazlal.
   256 | D        | Found an opulent altar of Gozag.
   280 | D        | Acquired Trog's second power
   545 | D        | Noticed an iron imp
   552 | D        | Paralysed by a giant eyeball for 2 turns
   560 | D        | Paralysed by a giant eyeball for 3 turns
   571 | D        | Killed an iron imp
   571 | D        | Reached skill level 5 in Dodging
   571 | D        | Gained mutation: You are covered in thick fur (AC +2). [growing up]
   571 | D        | Reached XP level 6. HP: 7/38 MP: 10/10
   810 | D        | Killed from afar by a frost giant
   811 | D        | Reached XP level 5. HP: -13/51 MP: 8/8
   824 | D        | Slain by a frost giant

Action                   |  1- 3 |  4- 6 || total
-------------------------+-------+-------++-------
Melee: Unarmed           |    12 |    40 ||    52
Invok: Berserk           |     1 |     2 ||     3
       Trog's Hand       |       |     3 ||     3
  Use: Potion            |       |     1 ||     1
